[Event "European Womens-ch 2025"]
[Site "Rhodes"]
[Date "2025.04.09"]
[Round "9.1"]
[White "Injac, Teodora"]
[Black "Mkrtchian, Lilit"]
[Result "1-0"]
[Annotator "ChessBase"]
[ECO "D02"]
[WhiteElo "2454"]
[BlackElo "2388"]
[PlyCount "77"]
[EventDate "2025.03.29"]
[EventType "swiss"]
[EventCountry "GRE"]
[SourceTitle "playchess.com"]
[Source "ChessBase"]
[SourceQuality "1"]
[TimeControl "40/5400+30:1800+30"]

1. d4 Nf6 2. Nf3 d5 3. Bf4 e6 4. e3 c5 5. Nbd2 Nc6 6. c3 cxd4 7. exd4 Nh5 8. Be3 Bd6 9. Bb5 Bd7 10. O-O O-O 11. Re1 g6 12. Nb3 Ne7 13. Bf1 f6 14. Bh6 Re8 15. Nc5 Bxc5 16. dxc5 Qc7 17. g4 Ng7 18. b4 Rad8 19. Qd2 Bc8 20. Nd4 Nc6 21. Nb5 Qe7 22. Nd6 Rf8 23. Bg2 Ne5 24. Qe2 b6 25. f4 Nf7 26. Bxg7 Kxg7 27. Nxc8 Rxc8 28. Qxe6 Qc7 29. Qxd5 bxc5 30. bxc5 Qxf4 31. Re7 Rb8 32. Qd4 Qg5 33. Rf1 Rb2 34. Kh1 Rd2 35. Qf4 Qxf4 36. Rxf4 Rxa2 37. Bd5 Rd2 38. Rd4 Rb2 39. Ra4 1-0

[Event "European Womens-ch 2025"]
[Site "Rhodes"]
[Date "2025.04.09"]
[Round "9.2"]
[White "Bulmaga, Irina"]
[Black "Kirtadze, Anastasia"]
[Result "1-0"]
[Annotator "ChessBase"]
[ECO "B45"]
[WhiteElo "2362"]
[BlackElo "2180"]
[PlyCount "85"]
[EventDate "2025.03.29"]
[EventType "swiss"]
[EventCountry "GRE"]
[SourceTitle "playchess.com"]
[Source "ChessBase"]
[SourceQuality "1"]
[TimeControl "40/5400+30:1800+30"]

1. e4 c5 2. Nf3 e6 3. d4 cxd4 4. Nxd4 Nf6 5. Nc3 Nc6 6. Ndb5 Bb4 7. a3 Bxc3+ 8. Nxc3 d5 9. exd5 exd5 10. Bd3 O-O 11. O-O Bg4 12. f3 Bh5 13. Ne2 Qb6+ 14. Kh1 Bg6 15. b3 d4 16. Bxg6 hxg6 17. Bb2 Rad8 18. Nf4 g5 19. Nh3 Rd5 20. Qd2 g4 21. Nf4 Re5 22. Rad1 gxf3 23. gxf3 Rd8 24. Rg1 Qc7 25. Qg2 Ne8 26. Ne2 Red5 27. f4 Qd7 28. Rd3 Qf5 29. b4 R8d6 30. Bc1 Rg6 31. Ng3 Qd7 32. c4 Rdd6 33. f5 Rg4 34. h3 Rh4 35. Bg5 Rh7 36. Bf4 Rf6 37. Kh2 Rxf5 38. Nxf5 Qxf5 39. Rf3 d3 40. Bd2 Qe5+ 41. Qg3 Nf6 42. Qxe5 Nxe5 43. Rxf6 1-0

[Event "European Womens-ch 2025"]
[Site "Rhodes"]
[Date "2025.04.09"]
[Round "9.3"]
[White "Ushenina, Anna"]
[Black "Javakhishvili, Lela"]
[Result "1/2-1/2"]
[Annotator "ChessBase"]
[ECO "E56"]
[WhiteElo "2428"]
[BlackElo "2429"]
[PlyCount "33"]
[EventDate "2025.03.29"]
[EventType "swiss"]
[EventCountry "GRE"]
[SourceTitle "playchess.com"]
[Source "ChessBase"]
[SourceQuality "1"]
[TimeControl "40/5400+30:1800+30"]

1. d4 Nf6 2. c4 e6 3. Nc3 Bb4 4. e3 O-O 5. Bd3 d5 6. Nf3 dxc4 7. Bxc4 c5 8. O-O Nc6 9. a3 Ba5 10. h3 h6 11. Re1 cxd4 12. exd4 Bc7 13. Ba2 a6 14. Be3 Ne7 15. Qd3 b5 16. Rad1 Bb7 17. Bc1 1/2-1/2

[Event "European Womens-ch 2025"]
[Site "Rhodes"]
[Date "2025.04.09"]
[Round "9.4"]
[White "Batsiashvili, Nino"]
[Black "Maltsevskaya, Aleksandra"]
[Result "0-1"]
[Annotator "ChessBase"]
[ECO "D35"]
[WhiteElo "2473"]
[BlackElo "2376"]
[PlyCount "102"]
[EventDate "2025.03.29"]
[EventType "swiss"]
[EventCountry "GRE"]
[SourceTitle "playchess.com"]
[Source "ChessBase"]
[SourceQuality "1"]
[TimeControl "40/5400+30:1800+30"]

1. d4 d5 2. c4 e6 3. Nc3 Nf6 4. cxd5 exd5 5. Bg5 Bb4 6. e3 h6 7. Bh4 c6 8. Bd3 O-O 9. Qc2 c5 10. dxc5 d4 11. exd4 Qxd4 12. Nf3 Bxc3+ 13. bxc3 Re8+ 14. Be2 Qe4 15. Rc1 g5 16. Bg3 Nc6 17. Qxe4 Nxe4 18. Kf1 Be6 19. h4 Bxa2 20. hxg5 hxg5 21. Bb5 a6 22. Ba4 Rad8 23. Bc7 Rd5 24. Bxc6 bxc6 25. Re1 Re6 26. Kg1 Nxc5 27. Ra1 Bc4 28. Nd4 Nb3 29. Nxb3 Bxb3 30. Rh5 c5 31. Kh2 Kg7 32. Kg3 f6 33. Rah1 Bc2 34. Rh8 Rd3+ 35. f3 Rd7 36. Ba5 c4 37. Rc8 Bd3 38. Bb4 Re2 39. Ra8 Bf5 40. Rxa6 Rdd2 41. Rg1 Be6 42. Bc5 f5 43. Bd4+ Kg6 44. Kh2 f4 45. Rb1 g4 46. Kh1 Kg5 47. fxg4 Kh4 48. Rd6 Rxg2 49. Be5 Rh2+ 50. Kg1 Rdg2+ 51. Kf1 Kh3 0-1

[Event "European Womens-ch 2025"]
[Site "Rhodes"]
[Date "2025.04.09"]
[Round "9.5"]
[White "Arabidze, Meri"]
[Black "Milliet, Sophie"]
[Result "1/2-1/2"]
[Annotator "ChessBase"]
[ECO "A20"]
[WhiteElo "2447"]
[BlackElo "2371"]
[PlyCount "106"]
[EventDate "2025.03.29"]
[EventType "swiss"]
[EventCountry "GRE"]
[SourceTitle "playchess.com"]
[Source "ChessBase"]
[SourceQuality "1"]
[TimeControl "40/5400+30:1800+30"]

1. c4 e5 2. g3 c6 3. Nf3 e4 4. Nd4 d5 5. cxd5 Qxd5 6. Nc2 Nf6 7. Nc3 Qe5 8. Bg2 Na6 9. O-O Be7 10. Ne3 Be6 11. Qc2 Nb4 12. Qb1 h5 13. a3 Nbd5 14. Nexd5 cxd5 15. d3 h4 16. Bf4 Qh5 17. dxe4 hxg3 18. Bxg3 d4 19. e5 dxc3 20. exf6 Bxf6 21. bxc3 O-O 22. Bf3 Bg4 23. Qxb7 Bxf3 24. exf3 Bxc3 25. Rad1 a6 26. Rd7 Rad8 27. Kg2 Qb5 28. Rc7 Qxb7 29. Rxb7 Rd5 30. Rc1 Be5 31. Rc4 Ra5 32. a4 Rd8 33. Re4 Bxg3 34. hxg3 Rf5 35. Ra7 Rf6 36. Re5 g6 37. f4 Rd4 38. Ra5 Rdd6 39. Kf3 Kg7 40. Kg4 Rc6 41. Ra8 Rfd6 42. Ra7 Rf6 43. f3 Rb6 44. Kg5 Rbc6 45. Re7 Rc3 46. Ra7 Rcc6 47. g4 Rcd6 48. f5 gxf5 49. gxf5 Rc6 50. Rd5 Rc1 51. Ra5 Rcc6 52. Ra8 Rfd6 53. Ra7 Rf6 1/2-1/2

[Event "European Womens-ch 2025"]
[Site "Rhodes"]
[Date "2025.04.09"]
[Round "9.6"]
[White "Kiolbasa, Oliwia"]
[Black "Tsolakidou, Stavroula"]
[Result "1/2-1/2"]
[Annotator "ChessBase"]
[ECO "C02"]
[WhiteElo "2360"]
[BlackElo "2445"]
[PlyCount "60"]
[EventDate "2025.03.29"]
[EventType "swiss"]
[EventCountry "GRE"]
[SourceTitle "playchess.com"]
[Source "ChessBase"]
[SourceQuality "1"]
[TimeControl "40/5400+30:1800+30"]

1. e4 e6 2. d4 d5 3. e5 c5 4. c3 Nc6 5. Nf3 Nge7 6. Na3 Bd7 7. Nc2 Qa5 8. Bd2 Qb6 9. dxc5 Qc7 10. Be2 Ng6 11. b4 Ncxe5 12. Nxe5 Nxe5 13. f4 Nc4 14. Bxc4 dxc4 15. Nd4 Be7 16. O-O O-O 17. Qf3 Bf6 18. Qe2 b6 19. Qxc4 Rfc8 20. Nb3 a5 21. bxa5 bxa5 22. Be3 a4 23. Nd2 Be7 24. Ne4 Bc6 25. Rf2 Bxe4 26. Qxe4 Bxc5 27. Bd4 Bxd4 28. cxd4 Qc4 29. f5 exf5 30. Qxf5 Rd8 1/2-1/2

[Event "European Womens-ch 2025"]
[Site "Rhodes"]
[Date "2025.04.09"]
[Round "9.7"]
[White "Doluhanova, Evgeniya"]
[Black "Khotenashvili, Bella"]
[Result "1/2-1/2"]
[Annotator "ChessBase"]
[ECO "B15"]
[WhiteElo "2287"]
[BlackElo "2418"]
[PlyCount "147"]
[EventDate "2025.03.29"]
[EventType "swiss"]
[EventCountry "GRE"]
[SourceTitle "playchess.com"]
[Source "ChessBase"]
[SourceQuality "1"]
[TimeControl "40/5400+30:1800+30"]

1. e4 c6 2. d4 d5 3. Nc3 dxe4 4. Nxe4 Nf6 5. Nxf6+ exf6 6. Bc4 Nd7 7. Nf3 Nb6 8. Bb3 a5 9. a4 Be7 10. O-O O-O 11. Re1 Re8 12. Bd2 Bg4 13. c3 Nd5 14. h3 Bh5 15. c4 Nb4 16. Bc3 Qd7 17. c5 Nd5 18. Bxd5 Qxd5 19. Re3 Bf8 20. Qe2 Rxe3 21. Qxe3 Bg6 22. Nd2 Bf5 23. Qf3 Qe6 24. Qe3 Be7 25. Re1 Bd8 26. g4 Qxe3 27. Rxe3 Be6 28. b3 Bc7 29. Nc4 h5 30. f3 Kf8 31. Kg2 Kg8 32. Re1 Kf8 33. Rb1 Ke7 34. Ne3 Kd7 35. Nc4 f5 36. gxh5 f4 37. Kf2 Rh8 38. Rg1 Rxh5 39. Rxg7 Rxh3 40. Kg2 Rh5 41. Bxa5 Bxa5 42. Nxa5 Rd5 43. Nxb7 Rxd4 44. Rg8 Rd2+ 45. Kf1 Ra2 46. Na5 Rc2 47. Rg5 Rc3 48. Ke2 Re3+ 49. Kf2 Bd5 50. Nc4 Rxf3+ 51. Ke2 Rxb3 52. Nb6+ Ke6 53. Nxd5 cxd5 54. Rg8 Rc3 55. Rc8 Ke5 56. a5 f3+ 57. Kd2 Kd4 58. Rf8 Rxc5 59. Rxf7 Ke4 60. a6 Ra5 61. Re7+ Kf4 62. a7 Ra2+ 63. Ke1 d4 64. Rf7+ Ke3 65. Re7+ Kd3 66. Rf7 f2+ 67. Kf1 Kc3 68. Rc7+ Kd2 69. Kxf2 d3 70. Rd7 Ra6 71. Kf3 Rf6+ 72. Ke4 Re6+ 73. Kd5 Ra6 74. Kc4 1/2-1/2

[Event "European Womens-ch 2025"]
[Site "Rhodes"]
[Date "2025.04.09"]
[Round "9.8"]
[White "Velikic, Adela"]
[Black "Danielian, Elina"]
[Result "0-1"]
[Annotator "ChessBase"]
[ECO "C18"]
[WhiteElo "2214"]
[BlackElo "2398"]
[PlyCount "104"]
[EventDate "2025.03.29"]
[EventType "swiss"]
[EventCountry "GRE"]
[SourceTitle "playchess.com"]
[Source "ChessBase"]
[SourceQuality "1"]
[TimeControl "40/5400+30:1800+30"]

1. e4 e6 2. d4 d5 3. Nc3 Bb4 4. e5 c5 5. a3 Bxc3+ 6. bxc3 Qa5 7. Bd2 Qa4 8. Qg4 Kf8 9. h4 Nc6 10. Rh3 Nge7 11. Nf3 h6 12. Bd3 c4 13. Be2 Qxc2 14. h5 Na5 15. Rc1 Qe4 16. Qg3 Bd7 17. Qh2 Nb3 18. Rd1 Ba4 19. Kf1 Rc8 20. Be1 Rc6 21. Nh4 Na5 22. Rc1 Rb6 23. Re3 Qh7 24. Qf4 Ke8 25. Rf3 Rf8 26. g4 Rb2 27. Re3 g5 28. hxg6 fxg6 29. Qh2 g5 30. Nf3 Nb3 31. Qh5+ Kd7 32. Rd1 Rxe2 33. Kxe2 Qc2+ 34. Rd2 Nxd2 35. Nxd2 Qd1+ 36. Kf1 Bc2 37. Qxh6 Bd3+ 38. Kg1 Qxg4+ 39. Rg3 Qd1 40. Qxf8 Qxe1+ 41. Kh2 Qxd2 42. Rf3 Bf5 43. Qb8 g4 44. Rg3 Qxf2+ 45. Rg2 Qh4+ 46. Kg1 Qe1+ 47. Kh2 Qxc3 48. Qxb7+ Ke8 49. Qxa7 Qh3+ 50. Kg1 Be4 51. Qb8+ Kf7 52. Rb2 Qg3+ 0-1

[Event "European Womens-ch 2025"]
[Site "Rhodes"]
[Date "2025.04.09"]
[Round "9.9"]
[White "Daulyte-Cornette, Deimante"]
[Black "Mammadova, Gulnar"]
[Result "1-0"]
[Annotator "ChessBase"]
[ECO "C85"]
[WhiteElo "2389"]
[BlackElo "2342"]
[PlyCount "103"]
[EventDate "2025.03.29"]
[EventType "swiss"]
[EventCountry "GRE"]
[SourceTitle "playchess.com"]
[Source "ChessBase"]
[SourceQuality "1"]
[TimeControl "40/5400+30:1800+30"]

1. e4 e5 2. Nf3 Nc6 3. Bb5 a6 4. Ba4 Nf6 5. O-O Be7 6. Bxc6 dxc6 7. d3 Nd7 8. Nc3 O-O 9. Be3 Bd6 10. Ne2 Re8 11. Nd2 b5 12. Ng3 Nf8 13. Nf5 Ng6 14. Qg4 Be6 15. g3 Qd7 16. Qf3 Bf8 17. g4 f6 18. Kh1 Ne7 19. Rg1 Kh8 20. Nb3 Ng8 21. Nc5 Qf7 22. Rg3 g6 23. Rag1 Bc8 24. Nh4 Be7 25. g5 Rf8 26. gxf6 Qxf6 27. Qxf6+ Nxf6 28. Rxg6 Ng8 29. R6g5 Bxg5 30. Rxg5 Nf6 31. f3 Bh3 32. Rxe5 Rae8 33. Rg5 Rg8 34. Rg3 Rxg3 35. hxg3 Bc8 36. Bd4 Kg7 37. Kg2 Kf7 38. f4 Bg4 39. Nf3 Bxf3+ 40. Kxf3 a5 41. g4 h6 42. e5 Nd5 43. f5 b4 44. e6+ Ke7 45. Bg7 a4 46. Bxh6 a3 47. Bg5+ Kd6 48. Ne4+ Ke5 49. bxa3 bxa3 50. c4 Kd4 51. cxd5 cxd5 52. Nf6 1-0

[Event "European Womens-ch 2025"]
[Site "Rhodes"]
[Date "2025.04.09"]
[Round "9.10"]
[White "Radeva, Viktoria"]
[Black "Narva, Mai"]
[Result "0-1"]
[Annotator "ChessBase"]
[ECO "B91"]
[WhiteElo "2297"]
[BlackElo "2380"]
[PlyCount "130"]
[EventDate "2025.03.29"]
[EventType "swiss"]
[EventCountry "GRE"]
[SourceTitle "playchess.com"]
[Source "ChessBase"]
[SourceQuality "1"]
[TimeControl "40/5400+30:1800+30"]

1. e4 c5 2. Nf3 d6 3. d4 cxd4 4. Nxd4 Nf6 5. Nc3 a6 6. g3 g6 7. Bg2 Bg7 8. O-O O-O 9. a4 Qc7 10. h3 Nc6 11. Nxc6 bxc6 12. Be3 Rb8 13. Rb1 a5 14. Qd2 Ba6 15. Rfe1 Rfd8 16. f4 Rb4 17. Bf2 e5 18. fxe5 dxe5 19. Qc1 Nd7 20. Rd1 Rd4 21. Bf1 Bxf1 22. Rxf1 Nc5 23. Bxd4 exd4 24. Ne2 Be5 25. Nf4 Nxe4 26. Qe1 f5 27. Ne6 Qb6 28. Nxd8 Bxg3 29. Qd1 Qxd8 30. Qf3 Qg5 31. Kh1 Qh4 32. Kg2 Qg5 33. Kh1 Bd6 34. Rg1 Qh4 35. Rbf1 Kh8 36. b3 Qh6 37. Rg2 Qh4 38. Rfg1 Bf4 39. Rd1 c5 40. Rdg1 Kg7 41. Re2 Bg3 42. Kg2 Bd6 43. Kf1 Ng5 44. Rxg5 Qxg5 45. Qb7+ Kh6 46. Qf3 Qc1+ 47. Kg2 Bf4 48. Qf1 Qxf1+ 49. Kxf1 Be3 50. c3 f4 51. cxd4 cxd4 52. Kg2 d3 53. Re1 Kg5 54. b4 axb4 55. a5 d2 56. Rd1 b3 57. a6 b2 58. Kf3 Kf5 59. Rb1 g5 60. Ke2 Ke4 61. a7 f3+ 62. Kd1 Bxa7 63. Kxd2 Be3+ 64. Ke1 Bc1 65. Kf2 h5 0-1

[Event "European Womens-ch 2025"]
[Site "Rhodes"]
[Date "2025.04.09"]
[Round "9.11"]
[White "Kulon, Klaudia"]
[Black "Avramidou, Anastasia"]
[Result "1-0"]
[Annotator "ChessBase"]
[ECO "D00"]
[WhiteElo "2401"]
[BlackElo "2275"]
[PlyCount "133"]
[EventDate "2025.03.29"]
[EventType "swiss"]
[EventCountry "GRE"]
[SourceTitle "playchess.com"]
[Source "ChessBase"]
[SourceQuality "1"]
[TimeControl "40/5400+30:1800+30"]

1. d4 Nf6 2. Bg5 d5 3. Bxf6 gxf6 4. e3 e6 5. Nf3 c5 6. dxc5 Bxc5 7. Be2 Nc6 8. O-O e5 9. c4 d4 10. exd4 Nxd4 11. Nc3 Be6 12. Nxd4 Bxd4 13. Nb5 O-O 14. Qb3 Bc5 15. Qf3 Qe7 16. Bd3 Rfd8 17. Rad1 Kg7 18. b3 Rd7 19. Kh1 a6 20. Nc3 Rad8 21. Qe4 f5 22. Qxe5+ Qf6 23. Qg3+ Kh8 24. Ne2 Bd6 25. Qf3 Be5 26. Ng1 Rd4 27. Bc2 b5 28. Rxd4 Rxd4 29. Qe2 bxc4 30. Nf3 Rd5 31. bxc4 Rc5 32. Bb3 Bf4 33. Rd1 a5 34. g3 Bh6 35. Nd4 Rc8 36. Nxe6 fxe6 37. Rd6 f4 38. Qxe6 Qxe6 39. Rxe6 Kg7 40. Kg2 fxg3 41. hxg3 Bd2 42. Re7+ Kg6 43. Rd7 Bb4 44. Bc2+ Kf6 45. Rxh7 Rxc4 46. Rf7+ Ke5 47. f4+ Kd6 48. Bb3 Rd4 49. Rf6+ Kd7 50. Rf5 Kd6 51. Re5 a4 52. Bg8 Rd2+ 53. Kf3 Bc5 54. Re2 Rd3+ 55. Kg4 Be3 56. Kf5 Bc1 57. g4 Rf3 58. Re4 a3 59. g5 Rf1 60. Bb3 Rf2 61. Rd4+ Ke7 62. Rc4 Bb2 63. Kg6 Rf3 64. Ra4 Rg3 65. f5 Bc1 66. f6+ Kd7 67. Rd4+ 1-0

[Event "European Womens-ch 2025"]
[Site "Rhodes"]
[Date "2025.04.09"]
[Round "9.12"]
[White "Beydullayeva, Govhar"]
[Black "Krasteva, Beloslava"]
[Result "1/2-1/2"]
[Annotator "ChessBase"]
[ECO "E67"]
[WhiteElo "2400"]
[BlackElo "2257"]
[PlyCount "113"]
[EventDate "2025.03.29"]
[EventType "swiss"]
[EventCountry "GRE"]
[SourceTitle "playchess.com"]
[Source "ChessBase"]
[SourceQuality "1"]
[TimeControl "40/5400+30:1800+30"]

1. d4 d6 2. Nf3 Nf6 3. c4 g6 4. Nc3 Bg7 5. g3 O-O 6. Bg2 Nbd7 7. O-O e5 8. e4 Re8 9. h3 b6 10. d5 Nc5 11. Re1 a5 12. b3 h6 13. Rb1 Nh7 14. Qc2 f5 15. Nh4 Qf6 16. Nb5 Qf7 17. f4 exf4 18. Bxf4 Nxe4 19. g4 Nhf6 20. Bh2 h5 21. gxf5 Bxf5 22. Nxf5 gxf5 23. Rf1 Qd7 24. Qd3 Rf8 25. Nd4 Nc5 26. Qd1 Nfe4 27. Rc1 h4 28. Bf4 Rae8 29. Rc2 Ng3 30. Bxg3 hxg3 31. Ne6 Nxe6 32. dxe6 Rxe6 33. Bd5 c6 34. Bxe6+ Qxe6 35. Qf3 f4 36. Kg2 c5 37. Re2 Qf5 38. Qe4 Qxe4+ 39. Rxe4 Be5 40. Kf3 Kg7 41. Rd1 a4 42. bxa4 Ra8 43. Rxf4 Bxf4 44. Kxf4 g2 45. Kf3 Rxa4 46. Kxg2 Rxc4 47. Rxd6 b5 48. Kf3 b4 49. Ke3 Rc2 50. Rc6 c4 51. Kd4 c3 52. a3 Rd2+ 53. Ke3 bxa3 54. Rxc3 Rh2 55. Kd4 a2 56. Ra3 Rxh3 57. Ke4 1/2-1/2

[Event "European Womens-ch 2025"]
[Site "Rhodes"]
[Date "2025.04.09"]
[Round "9.13"]
[White "Vega Gutierrez, Sabrina"]
[Black "Sieber, Fiona"]
[Result "1/2-1/2"]
[Annotator "ChessBase"]
[ECO "B45"]
[WhiteElo "2380"]
[BlackElo "2276"]
[PlyCount "93"]
[EventDate "2025.03.29"]
[EventType "swiss"]
[EventCountry "GRE"]
[SourceTitle "playchess.com"]
[Source "ChessBase"]
[SourceQuality "1"]
[TimeControl "40/5400+30:1800+30"]

1. e4 c5 2. Nf3 Nc6 3. d4 cxd4 4. Nxd4 Nf6 5. Nc3 e6 6. a3 d6 7. Be3 Be7 8. h3 O-O 9. g4 d5 10. Bg2 Bd7 11. exd5 Nxd5 12. Nxd5 exd5 13. O-O Nxd4 14. Bxd4 Bd6 15. Bc3 Qg5 16. Qd4 Rac8 17. Rad1 Bb5 18. Rfe1 Rfd8 19. f4 Bxf4 20. Qxa7 d4 21. Bxd4 Rxc2 22. Qxb7 h5 23. Qe4 Ba4 24. Bf6 Be3+ 25. Kh1 Qxf6 26. Rxd8+ Qxd8 27. Qxa4 Rxg2 28. Rxe3 Qd5 29. Qb3 Qd2 30. Re8+ Kh7 31. Qb8 hxg4 32. Qe5 gxh3 33. Qh5+ Qh6 34. Qf5+ g6 35. Qc8 Rh2+ 36. Kxh2 Qf4+ 37. Kxh3 Qf3+ 38. Kh2 Qf2+ 39. Kh1 Qf1+ 40. Kh2 Qf2+ 41. Kh3 Qf3+ 42. Kh4 Qf4+ 43. Qg4 Qh2+ 44. Qh3 Qf4+ 45. Qg4 Qh2+ 46. Qh3 Qf4+ 47. Qg4 1/2-1/2

[Event "European Womens-ch 2025"]
[Site "Rhodes"]
[Date "2025.04.09"]
[Round "9.14"]
[White "Urh, Zala"]
[Black "Roebers, Eline"]
[Result "1-0"]
[Annotator "ChessBase"]
[ECO "E11"]
[WhiteElo "2244"]
[BlackElo "2367"]
[PlyCount "79"]
[EventDate "2025.03.29"]
[EventType "swiss"]
[EventCountry "GRE"]
[SourceTitle "playchess.com"]
[Source "ChessBase"]
[SourceQuality "1"]
[TimeControl "40/5400+30:1800+30"]

1. d4 d5 2. c4 e6 3. Nf3 Nf6 4. g3 Bb4+ 5. Bd2 a5 6. Bg2 O-O 7. a3 Be7 8. Qc2 Nbd7 9. O-O c6 10. Bf4 h6 11. Rd1 Ne4 12. Nc3 g5 13. Bc1 f5 14. Ne1 Nd6 15. b3 Nf6 16. f3 dxc4 17. e4 cxb3 18. Qxb3 a4 19. Qa2 Nf7 20. Be3 fxe4 21. Nxe4 Nd5 22. Bf2 Nd6 23. Qc2 Kg7 24. Nd3 Nxe4 25. fxe4 Nc7 26. Nc5 Nb5 27. Bh3 Qd6 28. Qc4 Nc7 29. Rab1 b5 30. Qc2 Qd8 31. Bg4 Qe8 32. Qe2 Qf7 33. Bh5 Qxf2+ 34. Qxf2 Rxf2 35. Kxf2 e5 36. Ke3 exd4+ 37. Kxd4 Bh3 38. g4 Rf8 39. Nd7 Rf3 40. Rbc1 1-0

[Event "European Womens-ch 2025"]
[Site "Rhodes"]
[Date "2025.04.09"]
[Round "9.15"]
[White "Gevorgyan, Maria"]
[Black "Savina, Anastasia"]
[Result "0-1"]
[Annotator "ChessBase"]
[ECO "D00"]
[WhiteElo "2234"]
[BlackElo "2331"]
[PlyCount "142"]
[EventDate "2025.03.29"]
[EventType "swiss"]
[EventCountry "GRE"]
[SourceTitle "playchess.com"]
[Source "ChessBase"]
[SourceQuality "1"]
[TimeControl "40/5400+30:1800+30"]

1. d4 d5 2. Bf4 c5 3. c3 Nc6 4. e3 Qb6 5. Qb3 c4 6. Qc2 e5 7. dxe5 Bf5 8. Qc1 g5 9. Bg3 Bg7 10. Nf3 h5 11. Nxg5 h4 12. Bf4 Nxe5 13. e4 dxe4 14. Bxe5 Bxe5 15. Na3 Qc7 16. Qc2 O-O-O 17. Bxc4 Nh6 18. Nxe4 Bxe4 19. Qxe4 Bxc3+ 20. Kf1 Rd4 21. Qe2 Rd2 22. Qe3 Bxb2 23. Rb1 Rhd8 24. Be2 Bxa3 25. Qxa3 Rxe2 26. Qxa7 Rc2 27. Qa8+ Qb8 28. Qa4 Rc6 29. Qxh4 Qd6 30. g3 Nf5 31. Qe4 Qd3+ 32. Qxd3 Rxd3 33. Kg2 Rd2 34. g4 Ne3+ 35. Kg3 Nd5 36. Rhe1 Rc3+ 37. f3 Rcc2 38. Rg1 Rxh2 39. Rb5 Rhd2 40. a4 Rc3 41. Rgb1 Rc7 42. Rh1 Rcc2 43. Kh4 Rc6 44. Kg3 Nc3 45. Rh8+ Kc7 46. Rf5 f6 47. Rf8 Nd5 48. Rf7+ Kd6 49. Rh5 Rc1 50. Rxd5+ Rxd5 51. Rxf6+ Ke7 52. Rb6 Rc7 53. Rb4 Rdc5 54. Rb6 Kf7 55. f4 Rc3+ 56. Kh4 R3c4 57. f5 Rxa4 58. Kh5 Ra6 59. Rb5 Ra8 60. g5 Rh8+ 61. Kg4 Rh1 62. Rb4 Kg7 63. Rd4 b5 64. Rd5 Rg1+ 65. Kh5 Rh1+ 66. Kg4 Rb7 67. g6 b4 68. Kg5 Rg1+ 69. Kh5 b3 70. Rd6 Rf1 71. Kg5 b2 0-1

[Event "European Womens-ch 2025"]
[Site "Rhodes"]
[Date "2025.04.09"]
[Round "9.16"]
[White "Mgeladze, Kesaria"]
[Black "Toncheva, Nadya"]
[Result "0-1"]
[Annotator "ChessBase"]
[ECO "B48"]
[WhiteElo "2200"]
[BlackElo "2329"]
[PlyCount "62"]
[EventDate "2025.03.29"]
[EventType "swiss"]
[EventCountry "GRE"]
[SourceTitle "playchess.com"]
[Source "ChessBase"]
[SourceQuality "1"]
[TimeControl "40/5400+30:1800+30"]

1. e4 c5 2. Nf3 Nc6 3. d4 cxd4 4. Nxd4 e6 5. Nc3 Qc7 6. Be3 a6 7. Qf3 Nxd4 8. Bxd4 Ne7 9. O-O-O Nc6 10. Be3 b5 11. Nd5 exd5 12. exd5 Ne5 13. Bf4 g5 14. Bg3 Bg7 15. Qe3 d6 16. Qxg5 f6 17. Qe3 Bf5 18. Bd3 Bxd3 19. Rxd3 O-O 20. Bxe5 fxe5 21. Qd2 Rac8 22. Kb1 Qc5 23. Rf1 Rf4 24. Rg3 Rcf8 25. Rc1 Qxf2 26. Qa5 Qa7 27. Qa3 Rf1 28. Qxd6 Rxc1+ 29. Kxc1 Rf1+ 30. Kd2 Qf2+ 31. Kd3 Qd4+ 0-1

[Event "European Womens-ch 2025"]
[Site "Rhodes"]
[Date "2025.04.09"]
[Round "9.17"]
[White "Wagner, Dinara"]
[Black "Khurtsilava, Inga"]
[Result "0-1"]
[Annotator "ChessBase"]
[ECO "E01"]
[WhiteElo "2440"]
[BlackElo "2214"]
[PlyCount "184"]
[EventDate "2025.03.29"]
[EventType "swiss"]
[EventCountry "GRE"]
[SourceTitle "playchess.com"]
[Source "ChessBase"]
[SourceQuality "1"]
[TimeControl "40/5400+30:1800+30"]

1. d4 Nf6 2. c4 e6 3. Nf3 d5 4. g3 h6 5. Bg2 Bd6 6. O-O O-O 7. b3 b6 8. Bb2 Nbd7 9. Nbd2 Bb7 10. Ne5 c5 11. cxd5 exd5 12. Ndc4 Be7 13. Ne3 Re8 14. Rc1 cxd4 15. Bxd4 Nc5 16. Bb2 a5 17. Rc2 Bd6 18. Nd3 Nce4 19. Nf4 Bxf4 20. gxf4 Nh5 21. Qd4 Qd6 22. f5 Rad8 23. Bf3 Nhf6 24. Ng4 Ng5 25. Nxf6+ Qxf6 26. Bg2 Qxd4 27. Bxd4 Rd6 28. Rfc1 Ba6 29. e3 Bd3 30. Rc6 Rxc6 31. Rxc6 Bxf5 32. h4 Ne4 33. Bxb6 Ra8 34. f3 Nf6 35. Bd4 Nd7 36. a4 Be6 37. Bf1 Kf8 38. Kf2 g6 39. Ke1 Ke7 40. Kd2 Nb8 41. Rb6 Nd7 42. Rb5 Kd6 43. f4 Kc6 44. Bg2 Rb8 45. Rxa5 Rxb3 46. Bf1 Rb8 47. Bb5+ Kc7 48. Ra6 Rb7 49. Rc6+ Kd8 50. Bd3 Rc7 51. Ra6 Nc5 52. Bxc5 Rxc5 53. a5 Kc7 54. Bxg6 Kb7 55. Bd3 d4 56. exd4 Rh5 57. Rb6+ Kc7 58. Rb5 Rxh4 59. a6 Rh2+ 60. Kc3 Ra2 61. Rh5 Ra3+ 62. Kd2 Ra2+ 63. Ke3 Ra3 64. d5 Bg4 65. d6+ Kd7 66. Rb5 Kxd6 67. f5 Bh3 68. Rb4 Bxf5 69. Rd4+ Ke5 70. Rd8 Bxd3 71. Rxd3 Rxa6 72. Kf3 Rg6 73. Ra3 f5 74. Ra8 Kf6 75. Rf8+ Kg5 76. Kg3 h5 77. Ra8 h4+ 78. Kf3 Rg7 79. Rh8 Rg6 80. Ra8 h3 81. Kg3 Rh6 82. Kh2 f4 83. Rg8+ Kf5 84. Ra8 Kg4 85. Ra1 Re6 86. Ra3 Re2+ 87. Kg1 Re3 88. Ra2 f3 89. Ra8 Re1+ 90. Kh2 f2 91. Rg8+ Kf4 92. Rg4+ Ke3 0-1

[Event "European Womens-ch 2025"]
[Site "Rhodes"]
[Date "2025.04.09"]
[Round "9.18"]
[White "Atalik, Ekaterina"]
[Black "Mamedjarova, Turkan"]
[Result "0-1"]
[Annotator "ChessBase"]
[ECO "E49"]
[WhiteElo "2375"]
[BlackElo "2206"]
[PlyCount "76"]
[EventDate "2025.03.29"]
[EventType "swiss"]
[EventCountry "GRE"]
[SourceTitle "playchess.com"]
[Source "ChessBase"]
[SourceQuality "1"]
[TimeControl "40/5400+30:1800+30"]

1. d4 Nf6 2. c4 e6 3. Nc3 Bb4 4. e3 d5 5. a3 Bxc3+ 6. bxc3 O-O 7. cxd5 exd5 8. Bd3 c5 9. Ne2 c4 10. Bc2 Nc6 11. O-O b5 12. f3 a5 13. e4 h6 14. Qe1 Re8 15. e5 Nh7 16. Qg3 Kh8 17. Nf4 Ne7 18. Nh5 Rg8 19. Qf4 Qf8 20. g4 Ra6 21. Rb1 Bd7 22. a4 b4 23. cxb4 axb4 24. Rxb4 Ng5 25. Qd2 Nxf3+ 26. Rxf3 Bxg4 27. Nf4 Bxf3 28. Rb7 Ng6 29. a5 Be4 30. Bd1 Nxf4 31. Qxf4 Rg6+ 32. Kf2 Qc8 33. Rxf7 Qh3 34. Be3 Rg2+ 35. Ke1 Rxh2 36. Be2 Rh1+ 37. Kd2 c3+ 38. Kxc3 Qc8+ 0-1

[Event "European Womens-ch 2025"]
[Site "Rhodes"]
[Date "2025.04.09"]
[Round "9.19"]
[White "Socko, Monika"]
[Black "Gaboyan, Susanna"]
[Result "1-0"]
[Annotator "ChessBase"]
[ECO "B01"]
[WhiteElo "2369"]
[BlackElo "2200"]
[PlyCount "39"]
[EventDate "2025.03.29"]
[EventType "swiss"]
[EventCountry "GRE"]
[SourceTitle "playchess.com"]
[Source "ChessBase"]
[SourceQuality "1"]
[TimeControl "40/5400+30:1800+30"]

1. e4 d5 2. exd5 Qxd5 3. Nc3 Qe5+ 4. Be2 Bg4 5. d4 Bxe2 6. Ncxe2 Qe4 7. Nf3 Nc6 8. O-O O-O-O 9. c4 e6 10. a3 Nh6 11. b4 Nf5 12. Ng5 Qh4 13. Nxf7 Ncxd4 14. Nxd8 Bd6 15. f4 Rxd8 16. Nxd4 Qf6 17. Bb2 Ne3 18. Qe2 Nxf1 19. Rxf1 e5 20. Nb5 1-0